 Dungeon Crawl Stone Soup version 0.29.1-12-g30fa7ad0bf (webtiles) character file.

Game seed: 16711882035810889564

35 Alitron123 the Firebug (level 3, -2/27 HPs)
             Began as a Draconian Fire Elementalist on Jan 14, 2023.
             Was a Follower of Qazlal.
             Slain by Natasha (5 damage)
             ... on level 3 of the Dungeon.
             The game lasted 00:12:33 (1462 turns).

Alitron123 the Firebug (DrFE)                       Turns: 1462, Time: 00:12:35

Health: -2/27      AC:  5    Str: 12    XL:     3   Next: 17%
Magic:  13/15      EV: 12    Int: 15    God:    Qazlal [*.....]
Gold:   111        SH:  1    Dex: 11    Spells: 5/6 levels left

rFire   . . .      SeeInvis .   d - +0 rapier (vamp)
rCold   . . .      Faith    .   (no shield)
rNeg    . . .      Spirit   .   (body armour unavailable)
rPois   .          Reflect  .   (helmet restricted)
rElec   .          Harm     .   (no cloak)
rCorr   .          Rampage  .   (no gloves)
Will    .....                   (no boots)
Stlth   ++........              (no amulet)
HPRegen 0.09/turn               g - ring of magical power
MPRegen 0.14/turn               (no ring)

@: no status effects
A: AC +5, unfitting armour, cold-blooded
a: Renounce Religion


You were on level 3 of the Dungeon.
You worshipped Qazlal.
Qazlal was aware of your devotion.
You visited 1 branch of the dungeon, and saw 3 of its levels.

You collected 111 gold pieces.

Inventory:

Hand Weapons
 d - a +0 vampiric rapier (weapon)
Jewellery
 g - a ring of magical power (left hand)
Scrolls
 b - a scroll of magic mapping {unknown}
 c - a scroll of vulnerability {unknown}
 e - 2 scrolls of blinking {unknown}
 h - a scroll of fear {unknown}
Potions
 a - 2 potions of magic
 f - a potion of ambrosia {unknown}
 i - a potion of cancellation {unknown}
 j - a potion of might {unknown}
 k - 2 potions of haste {unknown}
 l - a potion of lignification {unknown}
 m - a potion of heal wounds {unknown}
 n - 2 potions of curing {unknown}


   Skills:
 + Level 0.5 Fighting
 + Level 1.2 Short Blades
 + Level 2.1 Dodging
 + Level 2.2 Stealth
 + Level 2.1 Spellcasting
 + Level 1.0 Conjurations
 + Level 3.2 Fire Magic


You had 5 spell levels left.
You knew the following spells:

 Your Spells              Type           Power      Damage    Failure   Level
a - Foxfire               Conj/Fire      32%        2x1d5     9%          1

Your spell library contained the following spells:

 Spells                   Type           Power      Damage    Failure   Level
 Scorch                   Fire           22%        2d6       9%          2
 Conjure Flame            Conj/Fire      8%         6-21      26%         3
 Blink                    Tloc           2%         N/A       32%         2
 Inner Flame              Hex/Fire       6%         N/A       32%         3
 Gell's Gravitas          Tloc           1%         N/A       54%         3
 Lesser Beckoning         Tloc           1%         N/A       54%         3
 Teleport Other           Tloc           1%         N/A       54%         3
 Flame Wave               Conj/Fire      8%         2d5       65%         4
 Alistair's Intoxication  Tmut/Pois      0%         N/A       99%         5
 Borgnjor's Vile Clutch   Necr/Erth      0%         N/A       99%         5
 Manifold Assault         Tloc           1%         N/A       99%         5
 Eringya's Noxious Bog    Tmut/Pois      0%         N/A       100%        6


Dungeon Overview and Level Annotations

Branches:
Dungeon (3/15)

Altars:
Qazlal

Shops:
D:1 ?[:

Annotations:
D:3 Natasha


Innate Abilities, Weirdness & Mutations

Your plain brown scales are hard. (AC +5)
You cannot fit into any form of body armour.
You are cold-blooded and may be slowed by cold attacks.


Message History

The foxfire hits Natasha.
Natasha is severely wounded.
Something hits you but does no damage. Natasha casts a spell at you.
The magic dart hits you. Something hits you.
You hit Natasha but do no damage.
Natasha is severely wounded.
Natasha barely misses you. Something hits you.
Casting: Foxfire (safe; 9% risk of failure)
Confirm with . or Enter, or press ? or * to list all spells.
You conjure some foxfire!
Natasha closely misses you. Something barely misses you.
An orc comes into view. It is wielding a +0 club.
The orc shouts!
You hit Natasha but do no damage.
Your tail-slap misses Natasha.
Natasha is severely wounded.
The foxfire hits Natasha but does no damage.
Natasha is severely wounded.
The foxfire hits Natasha.
Natasha is almost dead.
Natasha barely misses you. Something hits you.
You completely miss Natasha.
Natasha is almost dead.
The jackal closely misses you. Natasha casts a spell at you.
You resist with significant effort.
A jackal comes into view.
The jackal bites you but does no damage.
You hear some strange, mumbled words.
A magic dart appears from out of thin air!
The magic dart hits you!
* * * LOW HITPOINT WARNING * * *
Casting: Foxfire (safe; 9% risk of failure)
Confirm with . or Enter, or press ? or * to list all spells.
You conjure some foxfire!
The jackal barks!
The jackal barely misses you.
A jackal comes into view.
Natasha claws you.
You die...

################.
#...o...{@h.....h
#<....vhv).....
########?....h.
..##### #... .###
.. ###


You could see Natasha, an orc and 3 jackals.

Vanquished Creatures
  A bat (D:2)
  6 endoplasms
  A giant cockroach (D:2)
  4 goblins
  6 hobgoblins
  2 kobolds (D:1)
  2 quokkas (D:2)
  4 ball pythons
  A frilled lizard (D:2)
  A rat (D:1)
28 creatures vanquished.

Vanquished Creatures (others)
  9 foxfires
  2 plants (D:1)
  2 withered plants (D:1)
13 creatures vanquished.

Grand Total: 41 creatures vanquished

Notes
Turn   | Place    | Note
-------+----------+-------------------------------------------
     0 | D:1      | Alitron123 the Draconian Fire Elementalist began the quest
                  | for the Orb.
     0 | D:1      | Reached XP level 1. HP: 14/14 MP: 3/3
   100 | D:1      | Found Pocroxk Xojo's Antique Armour Shoppe.
   289 | D:1      | Reached XP level 2. HP: 20/20 MP: 5/5
   313 | D:1      | Found Qodov's Magic Scroll Boutique.
   467 | D:1      | Found a faded altar of an unknown god.
   596 | D:1      | Found Voxitronk's Book Emporium.
   639 | D:1      | Prayed at the altar of an unknown god.
   639 | D:1      | Became a worshipper of Qazlal Stormbringer
   639 | D:1      | Reached * piety under Qazlal
  1027 | D:2      | Reached skill level 1 in Short Blades
  1112 | D:2      | Reached XP level 3. HP: 27/27 MP: 6/6
  1446 | D:3      | Noticed Natasha
  1462 | D:3      | Slain by Natasha

Illustrated notes

Levels and vault maps discovered:
D:1:      minmay_arrival_nine_rooms, layout_basic,
          shapermc_ecumenical_altar_flowoftime, serial_shops, shop,
          nicolae_shop_behind_doors, nicolae_shop_behind_doors,
          minmay_tromino_v4_c
D:2:      layout_loops_ring
D:3:      layout_basic, kennysheep_generic_room_3, uniq_grinder, uniq_natasha

Skill      XL: |  1  2 |
---------------+-------+-----
Dodging        | 2 |  2.1
Stealth        | 2 |  2.2
Short Blades   | 1 |  1.2
Fighting       | |  0.5
Spellcasting   | |  2.1
Conjurations   | |  1.0
Fire Magic     | |  3.2

Action                   || total
-------------------------++-------
Melee: Rapier            ||   100
       Tailslap          ||    15
 Cast: Foxfire           ||     7
 Stab: Sleeping          ||     5
Armor: Skin              ||    35
Dodge: Dodged            ||    56
Block: Other             ||     2
